 Dungeon Crawl Stone Soup version 0.22.0-6-g71bd7aa (webtiles) character file.

755 HaroldButt the Ruffian (level 7, -1/62 HPs)
             Began as an Ogre Transmuter on Aug 14, 2018.
             Slain by a sky beast (6 damage)
             ... on level 5 of the Dungeon.
             The game lasted 00:17:45 (5669 turns).

HaroldButt the Ruffian (Ogre Transmuter)            Turns: 5669, Time: 00:17:45

Health: -1/62      AC:  4    Str: 16    XL:     7   Next: 79%
Magic:  13/13      EV: 15    Int: 14    God:
Gold:   184        SH:  0    Dex: 15    Spells: 4/14 levels left

rFire    . . .     SeeInvis .     - Unarmed
rCold    . . .     Gourm    .   (no shield)
rNeg     . . .     Faith    .   b - +0 robe
rPois    .         Spirit   .   (helmet restricted)
rElec    .         Reflect  .   e - +0 cloak
rCorr    +         Harm     .   (gloves unavailable)
MR       .....                  (boots unavailable)
Stlth    ++........             (no amulet)
HPRegen  0.20/turn              k - ring of resist corrosion
MPRegen  0.13/turn              n - ring of flight

@: agile, appendage (expiring)
A: large, unfitting armour, horns 2, tough skin 1
a: End Transformation, Evoke Flight


You were on level 5 of the Dungeon.
You were not hungry.
You had grown temporary horns.
You visited 1 branch of the dungeon, and saw 5 of its levels.

You collected 184 gold pieces.


Innate Abilities, Weirdness & Mutations

You are too large for most types of armour.
You have tough skin. (AC +1)
You have a pair of horns on your head.


   Skills:
 - Level 1.3 Fighting
 - Level 1.7 Dodging
 - Level 6.2 Unarmed Combat
 - Level 4.0 Spellcasting
 + Level 4.7 Transmutations


You had 4 spell levels left.
You knew the following spells:

 Your Spells              Type           Power        Failure   Level  Hunger
c - Ice Form              Ice/Tmut       #.......     58%         4    ####...
x - Spider Form           Tmut/Pois      #.........   22%         3    ###....
z - Beastly Appendage     Tmut           ###...       2%          1    None
Z - Sticks to Snakes      Tmut           ###.....     4%          2    ##.....

Your spell library contained the following spells:

 Spells                   Type           Power        Failure   Level  Hunger
 Blade Hands              Tmut           ###.......   61%         5    ######.

Inventory:

Missiles
 a - 71 arrows
Armour
 b - a +0 robe (worn)
 e - a +0 cloak (worn)
Jewellery
 k - a ring of resist corrosion (left hand)
 n - a ring of flight (right hand)
Wands
 c - a wand of iceblast (9)
Scrolls
 g - 2 scrolls of teleportation {unknown}
 o - a scroll of fog {unknown}
 p - a scroll of enchant weapon
 q - a scroll of vulnerability {unknown}
Potions
 f - a potion of curing {@q1}
 i - a potion of cancellation
 j - a potion of resistance {unknown}
 l - a potion of flight {unknown}
 m - a potion of degeneration {unknown}
 r - a potion of agility
Comestibles
 d - 12 rations
 h - 3 chunks of flesh

Dungeon Overview and Level Annotations

Branches:
Dungeon (5/15)
 Temple: D:4-7

Altars:

Annotations:
D:4 Pikel

............ ............▒
.............
>...........▒▒▒▒
...............▒▒
................▒
.................
▒▒.......O{......
..........▒▒.....
..........▒ ...
.........▒▒ . .........▒▒
▒▒▒▒ .......>..▒▒▒ ▒▒...
....).......▒▒ ▒▒....
...........÷.▒▒ ▒▒▒...<.
..............▒▒▒▒▒.......


There were no monsters in sight!


Message History

Something hits you. Something shocks you.
You hit something. Something hits you. Something shocks you.
You barely miss something.
Your transformation is almost over.
Something hits you.
* * * LOW HITPOINT WARNING * * *
Something shocks you.
* * * LOW HITPOINT WARNING * * *
You miss something. You headbutt something. Something hits you.
* * * LOW HITPOINT WARNING * * *
Something shocks you.
* * * LOW HITPOINT WARNING * * *
You closely miss something. Something hits you but does no damage.
You hit something.
You feel agile all of a sudden. Something hits you.
* * * LOW HITPOINT WARNING * * *
Something shocks you.
* * * LOW HITPOINT WARNING * * *
You hit something. Something hits you.
* * * LOW HITPOINT WARNING * * *
Something shocks you.
You die...

Action                   |  1- 3 |  4- 6 |  7- 9 || total
-------------------------+-------+-------+-------++-------
Melee: Unarmed           |   189 |   260 |    80 ||   529
       Kick              |    14 |    24 |     8 ||    46
       Headbutt          |     6 |     4 |     4 ||    14
       Punch             |     1 |     4 |     2 ||     7
 Cast: Beastly Appendage |    15 |    18 |     6 ||    39
  Use: Scroll            |       |    11 |     1 ||    12
       Potion            |       |     2 |     1 ||     3
  Eat: Chunk             |     4 |     9 |     3 ||    16
Armor: Robe              |    80 |    65 |    12 ||   157
Dodge: Dodged            |   116 |   102 |    33 ||   251

Vault maps used:
D:1:      evilmike_arrival_rings, corexii_corridor_pit
D:2:      cheibrodos_greedy_goblins
D:3:      first_ration
D:4:      minivault_25, uniq_ijyb, uniq_pikel, uniq_crazy_yiuf_cottage,
          uniq_menkaure
D:5:      marbit_many_paths, serial_shops, shop, uniq_duvessa

Notes
Turn   | Place    | Note
-------+----------+-------------------------------------------
     0 | D:1      | HaroldButt the Ogre Transmuter began the quest for the Orb.
     0 | D:1      | Reached XP level 1. HP: 19/19 MP: 3/3
    51 | D:1      | Reached skill level 2 in Transmutations
   208 | D:1      | Reached XP level 2. HP: 23/27 MP: 3/5
   953 | D:2      | Reached skill level 3 in Transmutations
  1057 | D:2      | Reached XP level 3. HP: 33/33 MP: 4/6
  1213 | D:2      | Learned a level 2 spell: Sticks to Snakes
  1217 | D:2      | Learned a level 3 spell: Spider Form
  1256 | D:2      | HP: 3/33 [goblin/club (3)]
  1920 | D:2      | Reached XP level 4. HP: 41/41 MP: 5/7
  2123 | D:2      | Reached skill level 4 in Transmutations
  2479 | D:2      | Reached skill level 3 in Unarmed Combat
  3445 | D:3      | Reached XP level 5. HP: 48/48 MP: 6/8
  3787 | D:3      | Reached skill level 4 in Unarmed Combat
  3859 | D:3      | HP: 3/48 [orc priest/nerve-wracking pain (4)]
  3860 | D:3      | Reached XP level 6. HP: 3/55 MP: 9/9
  4640 | D:4      | Noticed Ijyb
  4641 | D:4      | Noticed a slave
  4641 | D:4      | Noticed a slave
  4643 | D:4      | Noticed Pikel
  4674 | D:3      | Killed Ijyb
  4674 | D:3      | Reached skill level 5 in Unarmed Combat
  4712 | D:4      | Noticed Menkaure
  4721 | D:4      | Killed Menkaure
  4744 | D:4      | Reached skill level 6 in Unarmed Combat
  4744 | D:4      | Reached XP level 7. HP: 28/62 MP: 8/10
  5068 | D:4      | Reached skill level 3 in Spellcasting
  5257 | D:5      | Entered Level 5 of the Dungeon
  5296 | D:5      | Reached skill level 4 in Spellcasting
  5507 | D:5      | Learned a level 4 spell: Ice Form
  5669 | D:5      | HP: 5/62 [something (2)]
  5669 | D:5      | Slain by a sky beast

Vanquished Creatures
  Menkaure (D:4)
  A water moccasin (D:5)
  An ogre (D:4)
  2 scorpions
  2 orc priests (D:3)
  2 orc wizards (D:3)
  Ijyb (D:3)
  A hound skeleton (D:4)
  8 adders
  An ooze (D:2)
  2 worms (D:2)
  2 dart slugs (D:2)
  A leopard gecko (D:3)
  13 orcs
  3 giant cockroaches
  14 goblins
  10 hobgoblins
  15 jackals
  6 kobolds
  A quokka (D:2)
  8 bats
  4 frilled lizards
  A leopard gecko skeleton (D:4)
  10 rats
110 creatures vanquished.
